 Dungeon Crawl Stone Soup version 0.21.1-1-g345015f (webtiles) character file.

2205 prawnwizard the Changer (level 9, -7/59 HPs)
             Began as an Octopode Transmuter on July 4, 2018.
             Was a Priest of Okawaru.
             Mangled by a manticore (15 damage)
             ... on level 8 of the Dungeon.
             The game lasted 00:30:31 (9383 turns).

prawnwizard the Changer (Octopode Transmuter)       Turns: 9383, Time: 00:30:31

Health: -7/59      AC:  2    Str: 11    XL:     9   Next: 34%
Magic:  13/15      EV: 24    Int: 16    God:    Okawaru [***...]
Gold:   557        SH:  0    Dex: 20    Spells: 11/17 levels left

rFire    . . .     SeeInvis .     - Unarmed
rCold    . . .     Gourm    .   (shield currently unavailable)
rNeg     . . .     Faith    .   (helmet currently unavailable)
rPois    x         Spirit   .   (no amulet)
rElec    .         Reflect  .   n - +2 ring of strength
rCorr    .         Harm     .   (no ring)
MR       .....                  (no ring)
Stlth    ++........             (no ring)
HPRegen  0.19/turn              (no ring)
MPRegen  0.14/turn              (no ring)
                                (no ring)
                                (no ring)

@: about to teleport, spider-form, barbed spikes
A: tiny, almost no armour, stealthy swim, (amphibious), 8 rings, (constrict 8)
a: End Transformation, Heroism, Renounce Religion


You were on level 8 of the Dungeon.
You worshipped Okawaru.
Okawaru was most pleased with you.
You were not hungry.
You were a venomous arachnid creature.
You visited 1 branch of the dungeon, and saw 8 of its levels.

You collected 557 gold pieces.

Inventory:

Missiles
 a - 104 arrows
Armour
 m - a +0 buckler
Jewellery
 n - a +2 ring of strength (left front leg)
Wands
 p - a wand of enslavement (14)
 v - a wand of flame (22)
Scrolls
 d - 5 scrolls of teleportation
 g - 2 scrolls of magic mapping
 j - a scroll of remove curse
 k - 3 scrolls of immolation
 l - a scroll of fog {unknown}
 r - a scroll of fear {unknown}
 s - a scroll of enchant armour {unknown}
 t - 2 scrolls of amnesia {unknown}
 y - 2 scrolls of identify
Potions
 e - 3 potions of flight
 f - 4 potions of degeneration {unknown}
 h - 2 potions of lignification
 q - 3 potions of heal wounds {unknown}
 u - a potion of mutation {unknown}
 w - a potion of ambrosia {unknown}
 x - 2 potions of brilliance {unknown}
Books
 b - a book of Changes

   Spells                             Type                      Level
   a - Beastly Appendage              Transmutation                1
   b - Sticks to Snakes               Transmutation                2
   c - Spider Form                    Transmutation/Poison         3
   d - Ice Form                       Ice/Transmutation            4
   e - Blade Hands                    Transmutation                5
 i - a book of Frost

   Spells                             Type                      Level
   a - Freeze                         Ice                          1
   b - Throw Frost                    Conjuration/Ice              2
   c - Ozocubu's Armour               Charms/Ice                   3
   d - Throw Icicle                   Conjuration/Ice              4
   e - Summon Ice Beast               Ice/Summoning                4
Comestibles
 c - 12 rations
 o - 5 chunks of flesh


   Skills:
 + Level 4.6 Fighting
 + Level 4.8 Dodging
 * Level 6.7 Unarmed Combat
 + Level 4.5 Spellcasting
 * Level 6.9 Transmutations
 - Level 2.0 Poison Magic


You had 11 spell levels left.
You knew the following spells:

 Your Spells              Type           Power        Failure   Level  Hunger
a - Beastly Appendage     Tmut           ####..       4%          1    None
b - Sticks to Snakes      Tmut           ####....     6%          2    ##.....
c - Spider Form           Tmut/Pois      ###.......   21%         3    ###....


Dungeon Overview and Level Annotations

Branches:
Dungeon (8/15)             Temple (0/1) D:5
   Lair: D:8-11

Altars:
Cheibriados
Hepliaklqana
Okawaru
Yredelemnul

Annotations:
D:3 prawnwizard's ghost, amateur DEFE
D:5 Gonk's ghost, novice OpTm


Innate Abilities, Weirdness & Mutations

You cannot wear most types of armour.
You are very stealthy in the water. (Stealth+)
((You are amphibious.))
You can wear up to eight rings at the same time.
((You can use your tentacles to constrict eight enemies at once.))
((Your skin changes colour to match your surroundings (Stealth+).))
((Your rubbery body absorbs attacks. (AC +1, EV +1)))


Message History

The manticore is lightly wounded.
The manticore completely misses you. The manticore claws you.
The manticore claws you!
As you read the scroll of teleportation, it crumbles to dust.
You feel strangely unstable. The yak closely misses you.
The manticore misses you. The manticore claws you.
* * * LOW HITPOINT WARNING * * *
The manticore misses you.
You hit the yak but do no damage.
The yak is severely wounded.
The yak misses you. The manticore bites you!
* * * LOW HITPOINT WARNING * * *
The manticore completely misses you. The manticore misses you.
You hit the yak but do no damage.
The yak looks as sick as possible!
The yak is severely wounded.
The yak misses you.
You hit the yak.
The yak is almost dead.
The manticore bites you!
You die...

######+######
#>.........>#
#...........#
#<...H.Y...<#
#####s#####
#.........#
##.⌠...⌠.##
#.......#
##.....##
#.....#
##...## #...#
##)##


You could see a manticore and a yak.

Vanquished Creatures
  A water moccasin (D:6)
  An ice beast (D:7)
  A sky beast (D:6)
  A centaur (D:7)
  6 ogres
  2 big kobolds (D:4)
  2 bullfrogs
  A scorpion (D:7)
  3 wights (D:6)
  3 killer bees (D:7)
  A crimson imp (D:5)
  2 centaur zombies
  2 hounds
  A jelly (D:6)
  A bullfrog skeleton (D:6)
  A gnoll shaman (D:7)
  2 orc priests
  An orc wizard (D:7)
  4 worker ants
  A hound skeleton (D:4)
  9 gnolls
  9 adders
  2 adder skeletons (D:5)
  A worm (D:2)
  3 dart slugs (D:1)
  3 leopard geckos
  10 orcs
  4 giant cockroaches
  12 goblins
  10 hobgoblins
  11 jackals
  4 quokkas
  3 ball pythons
  5 bats
  4 frilled lizards
  47 kobolds
  A leopard gecko skeleton (D:4)
  7 rats
  3 bushes (D:2)
185 creatures vanquished.

Vanquished Creatures (others)
  5 toadstools (D:1)
5 creatures vanquished.

Grand Total: 190 creatures vanquished

Notes
Turn   | Place    | Note
-------+----------+-------------------------------------------
     0 | D:1      | prawnwizard the Octopode Transmuter began the quest for the Orb.
     0 | D:1      | Reached XP level 1. HP: 13/13 MP: 3/3
   114 | D:1      | Reached XP level 2. HP: 11/18 MP: 3/5
   646 | D:1      | Reached XP level 3. HP: 21/23 MP: 6/6
  1229 | D:2      | Found a basalt altar of Yredelemnul.
  1229 | D:2      | Found an iron altar of Okawaru.
  1229 | D:2      | Found a snail-covered altar of Cheibriados.
  1234 | D:2      | Reached XP level 4. HP: 24/28 MP: 5/7
  1514 | D:2      | Became a worshipper of Warmaster Okawaru
  2455 | D:3      | Noticed prawnwizard's ghost (amateur DEFE)
  2466 | D:3      | Reached XP level 5. HP: 19/34 MP: 8/8
  2710 | D:2      | Learned a level 2 spell: Sticks to Snakes
  2714 | D:2      | Learned a level 3 spell: Spider Form
  3734 | D:4      | Noticed an ogre
  3745 | D:4      | Killed an ogre
  3745 | D:4      | Reached skill level 1 in Poison Magic
  3745 | D:4      | Reached XP level 6. HP: 40/40 MP: 5/10
  3755 | D:4      | Reached * piety under Okawaru
  4071 | D:4      | Reached XP level 7. HP: 42/45 MP: 9/11
  5030 | D:5      | Entered Level 5 of the Dungeon
  5412 | D:5      | Noticed Gonk's ghost (novice OpTm)
  6039 | D:5      | Found a staircase to the Ecumenical Temple.
  6055 | D:5      | HP: 2/46 [poisoned by an adder]
  6788 | D:6      | Reached skill level 5 in Transmutations
  6855 | D:6      | Reached skill level 5 in Unarmed Combat
  6855 | D:6      | Reached XP level 8. HP: 39/52 MP: 9/13
  7082 | D:6      | Reached ** piety under Okawaru
  7510 | D:6      | Found a hazy altar of Hepliaklqana.
  8240 | D:7      | Reached XP level 9. HP: 54/58 MP: 13/15
  8344 | D:7      | Reached *** piety under Okawaru
  9318 | D:8      | Noticed a manticore
  9383 | D:8      | Mangled by a manticore

Skill      XL: |  1  2  3  4  5  6  7  8 |
---------------+-------------------------+-----
Transmutations | 3 4 5 6 |  6.9
Fighting       | 2 3 4 |  4.6
Dodging        | 3 4 |  4.8
Poison Magic   | 1 2 |  2.0
Unarmed Combat | 4 5 6 |  6.7
Spellcasting   | 3 4 |  4.5

Action                   |  1- 3 |  4- 6 |  7- 9 || total
-------------------------+-------+-------+-------++-------
Melee: Unarmed           |    62 |   560 |   320 ||   942
       Constrict         |    22 |    34 |    24 ||    80
       Kick              |    14 |    65 |    13 ||    92
       Tentacles         |     7 |   132 |    19 ||   158
       Punch             |       |    22 |     5 ||    27
 Cast: Beastly Appendage |    14 |    20 |     9 ||    43
       Spider Form       |       |     6 |    26 ||    32
Invok: Heroism           |       |       |     1 ||     1
  Use: Scroll            |       |     8 |     2 ||    10
       Potion            |       |       |     3 ||     3
 Stab: Sleeping          |     2 |     7 |     1 ||    10
  Eat: Chunk             |     1 |     8 |    10 ||    19
       Ration            |       |     1 |     3 ||     4
Armor: Skin              |     4 |     8 |     9 ||    21
Dodge: Dodged            |    35 |   100 |   296 ||   431
